 Dungeon Crawl Stone Soup version 0.31-a0-210-gccc998df9b (webtiles) character file.

Game seed: 12206915953453880594

51 qw the Chopper (level 3, -4/23 HPs)
             Began as a Gargoyle Fighter on June 30, 2023.
             Slain by a gnoll
             ... wielding a +0 halberd
              (8 damage)
             ... on level 2 of the Dungeon.
             The game lasted 00:00:30 (1029 turns).

qw the Chopper (Gargoyle Fighter)                   Turns: 1029, Time: 00:00:31

Health: -4/23      AC: 11    Str: 27    XL:     3   Next: 81%
Magic:  3/3        EV:  9    Int:  8    God:
Gold:   31         SH:  4    Dex:  9    Spells: 2/2 levels left

rFire   . . .        Y - +0 war axe
rCold   . . .        c - +0 buckler
rNeg    + . .        b - +0 scale mail
rPois   inf          (no helmet)
rElec   +            j - +0 cloak
rCorr   .            (no gloves)
SInv    .            (no boots)
Will    .....        (no amulet) Stlth
                     h - +6 ring of strength
HPRegen 0.23/turn    (no ring)
MPRegen 0.08/turn

%: no passive effects
@: no status effects
A: sickness immunity, AC +3, negative energy resistance 1, electricity
resistance, torment resistance 1, petrification resistance
a: no special abilities


You were on level 2 of the Dungeon.
You visited 1 branch of the dungeon, and saw 2 of its levels.

You collected 31 gold pieces.


Innate Abilities, Weirdness & Mutations

You are immune to sickness and miasma.
Your stone body is resilient. (AC +3)
You are immune to poison.
You resist negative energy. (rN+)
You are resistant to electric shocks. (rElec)
You are resistant to unholy torment.
You are immune to petrification.


   Skills:
 - Level 3.2 Fighting
 + Level 3.6 Axes
 - Level 3.2 Armour
 - Level 3.2 Shields


You had 2 spell levels left.
You didn't know any spells.
Your spell library was empty.

Inventory:

Hand Weapons
 e - a +0 club
 Y - a +0 war axe (weapon)
Armour
 b - a +0 scale mail (worn)
 c - a +0 buckler (worn)
 j - a +0 cloak (worn)
Jewellery
 h - a +6 ring of strength (left hand)
Scrolls
 a - a scroll of identify {unknown}
Potions
 d - a potion of might
 f - a potion of resistance {unknown}
 g - a potion of degeneration {unknown}
 k - a potion of berserk rage {unknown}

Dungeon Overview and Level Annotations

Branches:
Dungeon (2/15)

Altars:


Message History

You see here a scroll of revelation.
976 ||| STILL FLEEEEING.
977 ||| STILL FLEEEEING.
978 ||| STILL FLEEEEING.
979 ||| STILL FLEEEEING.
You start resting.
HP restored.
You see here a scroll of revelation.
You see here a +0 halberd.
An endoplasm is nearby!
1024 ||| Stepping ~*~*~tactically~*~*~ (stealth). 2 gnolls come into view.
The gnoll shouts! x2; You hear a shout!
A gnoll comes into view. It is wielding a +0 halberd.
A gnoll comes into view. It is wielding a +0 flail.
The gnoll moves out of view.
You hear a shout! x2
A bat comes into view.
A worm comes into view.
A gnoll comes into view. It is wielding a +0 flail.
The gnoll shouts!
A gnoll comes into view. It is wielding a +0 flail.
The gnoll hits you from afar with a +0 halberd!
You hit the bat.
The bat is moderately wounded.
The bat closely misses you.
A rat comes into view.
The gnoll closely misses you. The bat hits you but does no damage.
The gnoll hits you but does no damage.
You barely miss the bat.
The bat is moderately wounded.
The bat hits you but does no damage.
The gnoll hits you from afar with a +0 halberd!
The bat hits you but does no damage.
You completely miss the bat.
The bat is moderately wounded.
You barely miss the endoplasm. You block the bat's attack.
The bat closely misses you. The endoplasm misses you.
The gnoll hits you from afar with a +0 halberd!
You die...

*****# #####,,,.#
#...#,,..# #...#,...#
###...#g...##****
#.)..@Jg.w...,,,******
#.#..b#gr..#.,,,,,,**,
##.#####,g..#***,,,,,,,
#..# *>,..# *,,,,,,,,
###.## *,,g.# *,,,,,,,,
#######...# *,,**#
*,,,,,,,, #.....?.###*
*,*******,,,,,,,
#.#######,,*
#.#*,,,,,,,,,*,, ###.#
*,,,** #..,,****,,,**,,


You could see a worm, 4 gnolls, an endoplasm, a bat and a rat.

Vanquished Creatures
  A gnoll (D:2)
  An adder (D:2)
  2 dart slugs (D:1)
  5 ball pythons
  2 endoplasms
  2 giant cockroaches (D:1)
  3 hobgoblins (D:1)
  A quokka (D:1)
  2 bats (D:1)
  A frilled lizard (D:1)
  2 goblins (D:1)
  4 kobolds (D:1)
  A rat (D:1)
27 creatures vanquished.

Notes
Turn   | Place    | Note
-------+----------+-------------------------------------------
     0 | D:1      | qw the Gargoyle Fighter began the quest for the Orb.
     0 | D:1      | Reached XP level 1. HP: 14/14 MP: 1/1
     0 | D:1      | 0 ||| qw: Version: 0.3-a-24-ga2abf7b
     0 | D:1      | 0 ||| qw: Game counter: 7138
     0 | D:1      | 0 ||| qw: Melee chars always use a shield: true
     0 | D:1      | 0 ||| qw: God list: Okawaru
     0 | D:1      | 0 ||| qw: Allow faded altars: false
     0 | D:1      | 0 ||| qw: Do Orc after clearing Dungeon:15 true
     0 | D:1      | 0 ||| qw: Do second Lair branch before Depths: true
     0 | D:1      | 0 ||| qw: Lair rune preference: random
     0 | D:1      | 0 ||| qw: Goals: Normal, Zot:1-4, Slime:5, God:TSO, Crypt,
                  | Tomb, Abyss, Pan, Hells, Win
     0 | D:1      | 0 ||| PLANNING D:1-11
   112 | D:1      | Reached XP level 2. HP: 16/19 MP: 2/2
   207 | D:1      | Found a faded altar of an unknown god.
   269 | D:1      | Reached skill level 3 in Axes
   325 | D:1      | Reached XP level 3. HP: 23/23 MP: 3/3
   420 | D:1      | You fall into a shaft and drop 1 floor!
   421 | D:2      | 421 ||| UPGRADING to +0 cloak.
   426 | D:2      | 426 ||| UPGRADING to +6 ring of strength.
   427 | D:2      | 427 ||| READING 2 scrolls labelled USIOJO VUTHIE.
   428 | D:2      | 428 ||| READING scroll labelled AWOODD AROOHA.
   429 | D:2      | 429 ||| DROPPING scroll of revelation.
   856 | D:1      | 856 ||| READING scroll labelled YREOCK WEMYITS.
   951 | D:2      | 951 ||| Stepping ~*~*~tactically~*~*~ (hiding).
   952 | D:2      | 952 ||| Stepping ~*~*~tactically~*~*~ (hiding).
   970 | D:2      | 970 ||| FLEEEEING.
  1024 | D:2      | 1024 ||| Stepping ~*~*~tactically~*~*~ (stealth).
  1028 | D:2      | HP: 4/23 [gnoll/+0 halberd (10)]
  1029 | D:2      | Slain by a gnoll

Levels and vault maps discovered:
D:1:      psy_arrival_wood_between_worlds, layout_basic, basic_ecumenical_altar
D:2:      layout_rooms

Skill      XL: |  1  2 |
---------------+-------+-----
Axes           | 2 3 |  3.6
Fighting       | |  3.2
Armour         | |  3.2
Shields        | |  3.2

Action                     || total
---------------------------++-------
  Melee: War axe           ||    72
    Use: Scroll            ||     3
 Armour: Scale mail        ||    39
  Dodge: Dodged            ||    44
  Block: Buckler           ||    19

Table legend:
 A = Non-vault XP
 B = Vault XP
 C = Vault XP percentage of total XP
 D = Non-vault monster count
 E = Vault monster count
 F = Vault count percentage of total count
                 A         B        C        D         E       F
            +---------+---------+-------+---------+---------+-------
      Total |      73 |       0 |   0.0 |      27 |       0 |   0.0
            +---------+---------+-------+---------+---------+-------
        D:1 |      42 |       0 |   0.0 |      23 |       0 |   0.0
        D:2 |      31 |       0 |   0.0 |       4 |       0 |   0.0
            +---------+---------+-------+---------+---------+-------
